 Dungeon Crawl Stone Soup version 0.30.1-9-gdf580d7c3d (webtiles) character file.

Game seed: 12228347198804271529

258 lonewolfV2 the Ducker (level 5, -1/41 HPs)
             Began as a Demonspawn Fighter on Oct 26, 2023.
             Slain by an ogre
             ... wielding a +0 giant club
              (21 damage)
             ... on level 4 of the Dungeon.
             The game lasted 00:05:45 (2940 turns).

lonewolfV2 the Ducker (Demonspawn Fighter)          Turns: 2940, Time: 00:05:46

Health: -1/41      AC: 11    Str: 18    XL:     5   Next: 94%
Magic:  0/5        EV: 10    Int:  9    God:
Gold:   134        SH:  4    Dex: 13    Spells: 4/4 levels left

rFire   . . .        a - +0 war axe
rCold   . . .        c - +0 buckler
rNeg    . . .        b - +0 scale mail
rPois   .            (no helmet)
rElec   .            j - +0 cloak
rCorr   .            (no gloves)
SInv    .            q - +0 pair of boots
Will    .....        l - amulet of faith Stlth
                     (no ring)
HPRegen 0.26/turn    (no ring)
MPRegen 0.18/turn

%: guardian spirit, faith
@: mighty
A: molten scales 1, magic shield, magic regeneration
a: no special abilities


You were on level 4 of the Dungeon.
You visited 1 branch of the dungeon, and saw 4 of its levels.

You collected 134 gold pieces.

Inventory:

Hand Weapons
 a - a +0 war axe (weapon)
Armour
 b - a +0 scale mail (worn)
 c - a +0 buckler (worn)
 j - a +0 cloak (worn)
 q - a +0 pair of boots (worn)
Jewellery
 l - an amulet of faith (around neck)
Scrolls
 m - a scroll of magic mapping
 n - 2 scrolls of teleportation
 p - a scroll of silence
Potions
 e - 3 potions of heal wounds
 h - a potion of cancellation
 i - 2 potions of mutation
 k - a potion of curing {unknown}
 o - a potion of brilliance {unknown}


   Skills:
 - Level 3.0 Fighting
 - Level 1.7 Axes
 + Level 4.1 Armour
 + Level 4.2 Dodging
 - Level 2.6 Shields


You had 4 spell levels left.
You didn't know any spells.
Your spell library was empty.

Dungeon Overview and Level Annotations

Branches:
Dungeon (4/15)
 Temple: D:4-7

Altars:
Uskayaw

Shops:
D:3 :


Innate Abilities, Weirdness & Mutations

You are partially covered in molten scales. (AC +2)
When hurt, damage is shared between your health and your magic reserves.
You regenerate magic rapidly.


Message History

You kill the hobgoblin!
You feel sick.
You are no longer poisoned.
The orc hits you with a +0 hand axe.
You hit the orc but do no damage. You block the orc's attack.
You hit the orc.
You kill the orc!
Items here: ))) [ †††.
Things that are here:
a +0 club; 4 stones The orc priest calls down the wrath of Beogh upon you.
Beogh smites you!
Things that are here:
a +0 club; 4 stones
Items here: ))) [ †††.
An ogre comes into view. It is wielding a +0 giant club.
Found a leather armour.
The ogre shouts!
A worm comes into view.
You start resting.
An ogre is nearby!
An ogre is nearby!
An ogre is nearby!
Found 5 gold pieces.
You barely miss the ogre. The ogre closely misses you.
You completely miss the ogre. The ogre hits you with a +0 giant club!
You closely miss the ogre. The ogre hits you with a +0 giant club!
* * * LOW HITPOINT WARNING * * *
You feel much better.
You feel very mighty all of a sudden. The ogre hits you with a +0 giant club!
You barely miss the ogre. The ogre barely misses you.
You hit the ogre.
The ogre is lightly wounded.
The ogre hits you with a +0 giant club!
You slash the ogre!
The ogre is heavily wounded.
The ogre hits you with a +0 giant club!!
Ouch! That really hurt!
You die...

≈≈≈.≈≈≈.≈.
.......≈.....≈oo...≈.
##......≈≈≈≈≈.≈≈≈≈≈≈≈.
....................
#.[O........# #.#.# #..
.......# ##...# #####..
..... #..#####
.$.....#####.#####..)....
#..@Ow.....)).......
#######.####<.......
#.##..........
#.#....#......
#.....######## #....#
...... .###.# #.


You could see an ogre and a worm.

Vanquished Creatures
  An ice beast (D:3)
  A black bear (D:4)
  An adder (D:4)
  3 worms
  4 orcs
  4 bats
  3 endoplasms
  7 giant cockroaches
  5 goblins
  6 hobgoblins
  2 quokkas (D:2)
  A ball python (D:1)
  5 frilled lizards
  5 kobolds
  2 rats
50 creatures vanquished.

Notes
Turn   | Place    | Note
-------+----------+-------------------------------------------
     0 | D:1      | lonewolfV2 the Demonspawn Fighter began the quest for the
                  | Orb.
     0 | D:1      | Reached XP level 1. HP: 18/18 MP: 1/1
   327 | D:1      | Reached skill level 1 in Dodging
   389 | D:1      | Gained mutation: You are partially covered in molten
                  | scales. (AC +2) [demonic ancestry]
   389 | D:1      | Reached XP level 2. HP: 24/24 MP: 2/2
   796 | D:1      | Found a faded altar of an unknown god.
  1490 | D:2      | Gained mutation: You regenerate magic rapidly. [demonic
                  | ancestry]
  1490 | D:2      | Reached XP level 3. HP: 29/29 MP: 3/3
  1759 | D:3      | Noticed an ice beast
  1779 | D:3      | Killed an ice beast
  1780 | D:3      | Gained mutation: When hurt, damage is shared between your
                  | health and your magic reserves. [demonic ancestry]
  1780 | D:3      | Reached XP level 4. HP: 11/35 MP: 4/4
  2129 | D:3      | Found Reeklopn's Book Boutique.
  2255 | D:3      | Reached XP level 5. HP: 40/41 MP: 5/5
  2769 | D:4      | Noticed a black bear
  2787 | D:4      | Killed a black bear
  2874 | D:4      | Found a hide-covered altar of Uskayaw.
  2884 | D:4      | Noticed an orc warrior
  2924 | D:4      | Noticed an ogre
  2940 | D:4      | Slain by an ogre

Illustrated notes

Levels and vault maps discovered:
D:1:      heliophobic_arrival_glass_houses, layout_loops_corners,
          shapermc_ecumenical_altar_mp_ritualfount
D:2:      layout_rooms
D:3:      layout_loops_ring, mainiacjoe_overflow_24_doors, serial_shops, shop,
          minmay_statues_item
D:4:      layout_rooms, mainiacjoe_overflow_catwalk_spiral, enter_ossuary_4,
          chequers_mini_garden

Skill      XL: |  1  2  3  4  5 |
---------------+----------------+-----
Dodging        | 1 2 3 4 |  4.2
Armour         | 3 4 |  4.1
Fighting       | |  3.0
Axes           | |  1.7
Shields        | |  2.6

Action                     |  1- 3 |  4- 6 || total
---------------------------+-------+-------++-------
  Melee: War axe           |   101 |    92 ||   193
    Use: Scroll            |     6 |     3 ||     9
         Potion            |       |     2 ||     2
 Armour: Scale mail        |    49 |    70 ||   119
  Dodge: Dodged            |    44 |    70 ||   114
  Block: Buckler           |    24 |    35 ||    59
